 Dungeon Crawl Stone Soup version 0.31.0-9-g3a7656b989 (webtiles) character file.

Game seed: 2261441817218992325

324 qw the Shooter (level 6, -9/30 HPs)
             Began as a Spriggan Hunter on Feb 2, 2024.
             Killed by nerve-wracking pain
             ... invoked by an orc priest
              (12 damage)
             ... on level 3 of the Dungeon.
             The game lasted 00:00:07 (2243 turns).

qw the Shooter (Spriggan Hunter)                    Turns: 2243, Time: 00:00:07

Health: -9/30      AC:  2    Str:  7    XL:     6   Next: 23%
Magic:  7/7        EV: 20    Int: 11    God:
Gold:   125        SH:  0    Dex: 20    Spells: 5/5 levels left

rFire   . . .        a - +1 shortbow
rCold   . . .        (shield currently unavailable)
rNeg    . . .        c - +0 robe
rPois   .            (helmet restricted)
rElec   .            (no cloak)
rCorr   .            (gloves unavailable)
SInv    +            (boots unavailable)
Will    +....        h - amulet of the acrobat
Stlth   ++           (no ring)
HPRegen 0.25/turn    (no ring)
MPRegen 0.10/turn

%: acrobat
@: about to teleport, very quick
A: very small, no large weapons, unfitting armour, see invisible, speed 3
a: no special abilities


You were on level 3 of the Dungeon.
You visited 1 branch of the dungeon, and saw 3 of its levels.

You collected 125 gold pieces.


Innate Abilities, Weirdness & Mutations

You are very small and have problems with some larger weapons.
You are too small for most types of armour.
You have supernaturally acute eyesight. (SInv)
You cover ground extremely quickly. (Speed+++)


   Skills:
 - Level 2.0 Fighting
 - Level 6.5 Ranged Weapons
 + Level 5.2 Dodging
 - Level 1.5 Stealth


You had 5 spell levels left.
You didn't know any spells.
Your spell library was empty.

Inventory:

Hand Weapons
 a - a +1 shortbow (weapon)
Armour
 c - a +0 robe (worn)
Jewellery
 h - an amulet of the acrobat (around neck)
Scrolls
 g - 4 scrolls of teleportation
Potions
 b - a potion of curing {unknown}
 d - a potion of might
 e - a potion of heal wounds {unknown}
 k - a potion of enlightenment

Dungeon Overview and Level Annotations

Branches:
Dungeon (3/15)

Altars:

Annotations:
D:2 1 runed translucent door, Crazy Yiuf


Message History

You shoot an arrow. The arrow hits the orc.
You kill the orc!
g - 5 scrolls of teleportation (gained 1)
Found a leather armour.
You now have 125 gold pieces (gained 10). 2 orcs, an orc priest and an orc wizard come into view.
The orc wizard shouts!
The orc priest shouts!
You hear a shout!
An orc priest comes into view. It is wielding a +0 whip.
The orc shouts!
You shoot an arrow.
The arrow hits the orc but does no damage.
You shoot an arrow. The arrow closely misses the orc.
You shoot an arrow. The arrow hits the orc wizard.
The orc wizard is heavily wounded.
The orc priest calls down the wrath of Beogh upon you.
Beogh smites you! The orc closely misses you.
The orc wizard gestures at you while chanting.
You resist with almost no effort.
You shoot an arrow. The arrow hits the orc wizard.
The orc wizard is severely wounded.
The orc hits you with a +0 dagger. The orc wizard closely misses you.
You shoot an arrow.
The arrow closely misses the orc wizard.
The orc completely misses you.
The orc wizard hits you with a +0 dagger.
You shoot an arrow. The arrow barely misses the orc wizard.
The orc barely misses you.
The orc priest casts a cantrip, but nothing happens.
You shoot an arrow. The arrow hits the orc!
You kill the orc!
The orc priest mumbles some strange prayers to Beogh against you.
Beogh smites you!
2242 ||| READING 5 scrolls of teleportation.
As you read the scroll of teleportation, it crumbles to dust.
You feel strangely unstable.
You shoot an arrow. The arrow hits the orc!
You kill the orc!
The orc priest mumbles some strange prayers to Beogh against you.
Pain shoots through your body!
You die...

#.... #+# #.... #.#
#.... #### #.# #....
..# ##.#######....
#.###.............
#.###.##.....#####.##.
#.........[..# #.##.
#####@##.#.#.# #.##.
....oo.o##.......
.....
##############.###
#.### #... ..# #####
###


You could see 2 orc priests and an orc wizard.

Vanquished Creatures
  Sigmund (D:2)
  Jessica (D:2)
  Terence (D:2)
  4 adders
  3 dart slugs
  3 orcs (D:3)
  6 ball pythons
  5 bats
  11 endoplasms
  3 goblins
  3 hobgoblins
  6 jackals
  A quokka (D:1)
  3 frilled lizards (D:1)
  7 kobolds
  5 rats
63 creatures vanquished.

Notes
Turn   | Place    | Note
-------+----------+-------------------------------------------
     0 | D:1      | qw the Spriggan Hunter began the quest for the Orb.
     0 | D:1      | Reached XP level 1. HP: 10/10 MP: 2/2
     0 | D:1      | 0 ||| qw: Version: 0.3-a-155-g5e7d8dd
     0 | D:1      | 0 ||| qw: Game counter: 1842
     0 | D:1      | 0 ||| qw: Melee chars always use a shield: true
     0 | D:1      | 0 ||| qw: God list: Okawaru
     0 | D:1      | 0 ||| qw: Allow faded altars: false
     0 | D:1      | 0 ||| qw: Do Orc after clearing Dungeon:15 true
     0 | D:1      | 0 ||| qw: Do second Lair branch before Depths: true
     0 | D:1      | 0 ||| qw: Lair rune preference: random
     0 | D:1      | 0 ||| qw: Goals: Normal
     0 | D:1      | 0 ||| PLANNING D:1-11
    56 | D:1      | Reached skill level 3 in Dodging
   127 | D:1      | Reached XP level 2. HP: 14/14 MP: 3/3
   444 | D:1      | Reached XP level 3. HP: 18/18 MP: 4/4
   709 | D:1      | 709 ||| UPGRADING to amulet of the acrobat.
   714 | D:1      | 714 ||| DROPPING ring of wizardry.
   715 | D:1      | 715 ||| READING scroll labelled LOACYE BA TUOSH.
   715 | D:1      | 715 ||| IDENTIFYING smoky ruby potion
   716 | D:1      | 716 ||| DRINKING 2 metallic pink potions.
   717 | D:1      | 717 ||| DROPPING scroll of butterflies.
   718 | D:1      | 718 ||| DROPPING potion of degeneration.
   753 | D:2      | Found a faded altar of an unknown god.
   827 | D:2      | Noticed Sigmund
   835 | D:2      | Killed Sigmund
   836 | D:2      | Reached skill level 6 in Ranged Weapons
   836 | D:2      | Reached XP level 4. HP: 18/22 MP: 5/5
   836 | D:2      | Reached XP level 5. HP: 21/25 MP: 6/6
  1005 | D:2      | Noticed Jessica
  1010 | D:2      | Killed Jessica
  1125 | D:2      | Found a runed translucent door.
  1126 | D:2      | Noticed Crazy Yiuf
  1340 | D:2      | Noticed Terence
  1348 | D:2      | Killed Terence
  1349 | D:2      | Reached XP level 6. HP: 23/30 MP: 7/7
  1621 | D:2      | 1621 ||| READING 2 scrolls of identify.
  1621 | D:2      | 1621 ||| IDENTIFYING red potion
  1622 | D:2      | 1622 ||| READING scroll of identify.
  1622 | D:2      | 1622 ||| IDENTIFYING smoky black potion
  1623 | D:2      | 1623 ||| READING scroll labelled YLOOKE ZIJI.
  1724 | D:2      | 1724 ||| READING 3 scrolls labelled DAISKU ODAGENUTA.
  1725 | D:2      | 1725 ||| READING 4 scrolls labelled VETON CUTA.
  1760 | D:2      | 1760 ||| READING scroll labelled MATWIAGOJA.
  1760 | D:2      | 1760 ||| ENCHANTING +0 shortbow.
  1761 | D:2      | 1761 ||| READING scroll labelled IDYIPU SIZI.
  1762 | D:2      | 1762 ||| DROPPING 2 scrolls of amnesia.
  1763 | D:2      | 1763 ||| DROPPING potion of brilliance.
  2241 | D:3      | HP: 2/30 [orc priest/divine providence (13)]
  2242 | D:3      | 2242 ||| READING 5 scrolls of teleportation.
  2243 | D:3      | Killed from afar by an orc priest

Levels and vault maps discovered:
D:1:      dpeg_arrival_pits, layout_loops_ring
D:2:      layout_loops_corners, hellmonk_ecumenical_altar_blasted,
          small_statue_intersection, item_on_display_a, uniq_jessica,
          uniq_sigmund, uniq_crazy_yiuf_cottage, uniq_terence
D:3:      layout_loops_corners, minivault_25, bh_walls_and_bars, uniq_natasha

Skill      XL: |  1  2  3  4  5  6 |
---------------+-------------------+-----
Dodging        | 3 4 5 |  5.2
Ranged Weapons | 6 |  6.5
Fighting       | 2 |  2.0
Stealth        | |  1.5

Action                     |  1- 3 |  4- 6 || total
---------------------------+-------+-------++-------
   Fire: Shortbow          |    70 |    72 ||   142
    Use: Scroll            |     1 |     8 ||     9
         Potion            |     1 |       ||     1
 Armour: Robe              |     4 |     9 ||    13
  Dodge: Dodged            |     8 |    26 ||    34

Table legend:
 A = Non-vault XP
 B = Vault XP
 C = Vault XP percentage of total XP
 D = Non-vault monster count
 E = Vault monster count
 F = Vault count percentage of total count
                 A         B        C        D         E       F
            +---------+---------+-------+---------+---------+-------
      Total |     154 |     312 |  67.0 |      60 |       3 |   4.8
            +---------+---------+-------+---------+---------+-------
        D:1 |      50 |       0 |   0.0 |      30 |       0 |   0.0
        D:2 |      44 |     312 |  87.6 |      13 |       3 |  18.8
        D:3 |      60 |       0 |   0.0 |      17 |       0 |   0.0
            +---------+---------+-------+---------+---------+-------
